 Dungeon Crawl Stone Soup version 0.23.2-1-ga50397a6bc (webtiles) character file.

Game seed: 11383695671878185363

20 Huj the Ducker (level 2, 0/29 HPs)
             Began as a Troll Fighter on Apr 23, 2019.
             Slain by an orc
             ... wielding a +0 club
              (4 damage)
             ... on level 6 of the Dungeon.
             The game lasted 00:04:36 (429 turns).

Huj the Ducker (Troll Fighter)                       Turns: 429, Time: 00:04:37

Health: 0/29       AC:  6    Str: 23    XL:     2   Next: 58%
Magic:  1/1        EV:  8    Int:  4    God:
Gold:   19         SH:  8    Dex:  9    Spells: 1/1 levels left

rFire    . . .     SeeInvis .   a - +0 flail
rCold    . . .     Gourm    +   c - +0 shield
rNeg     . . .     Faith    .   b - +0 robe
rPois    .         Spirit   .   (helmet restricted)
rElec    .         Reflect  .   (no cloak)
rCorr    .         Harm     .   (gloves unavailable)
MR       .....                  (boots unavailable)
Stlth    +.........             h - amulet of the acrobat
HPRegen  0.49/turn              (no ring)
MPRegen  0.07/turn              (no ring)

@: no status effects
A: large, unfitting armour, claws 3, fast metabolism 3, gourmand, regeneration
1, shaggy fur 1, tough skin 3
a: no special abilities


You were on level 6 of the Dungeon.
You were very hungry.

You visited 1 branch of the dungeon, and saw 6 of its levels.

You collected 19 gold pieces.

Inventory:

Hand Weapons
 a - a +0 flail (weapon)
 l - a +0 whip
Missiles
 j - 6 needles of frenzy
Armour
 b - a +0 robe (worn)
 c - a +0 shield (worn)
 i - a +0 robe
Jewellery
 h - an amulet of the acrobat (around neck)
 k - a +2 amulet of reflection {unknown}
Scrolls
 e - a scroll of remove curse {unknown}
 g - a scroll of identify {unknown}
Potions
 d - a potion of might
Comestibles
 f - 2 rations


   Skills:
 + Level 2.7 Fighting
 + Level 1.8 Maces & Flails
 + Level 2.8 Dodging
 + Level 2.5 Shields


You had one spell level left.
You didn't know any spells.
Your spell library contained the following spells:

 Spells                   Type           Power        Failure   Level  Hunger
 Shock                    Conj/Air       #...         92%         1    ##.....
 Swiftness                Chrm/Air       #.......     98%         2    ###....
 Static Discharge         Conj/Air       #.......     100%        3    ####...
 Airstrike                Air            #.........   100%        4    #####..
 Lightning Bolt           Conj/Air       #.........   100%        5    ######.


Dungeon Overview and Level Annotations

Branches:
Dungeon (6/15)
 Temple: D:4-7

Altars:
Xom


Innate Abilities, Weirdness & Mutations

You are too large for most types of armour.
You have claws for hands.
Your metabolism is lightning-fast.
You like to eat raw meat.
Your natural rate of healing is unusually fast.
You are covered in fur. (AC +1)
You have extremely tough skin. (AC +3)


Message History

You barely miss the orc. The orc barely misses you. You block the orc's attack.
The orc hits you but does no damage. The orc hits you with a +0 whip.
* * * LOW HITPOINT WARNING * * *
You closely miss the orc. You block the orc's attack.
The orc barely misses you. The orc hits you but does no damage.
You closely miss the orc. The orc closely misses you.
The orc barely misses you. The orc hits you but does no damage. x2
The orc barely misses you.
You closely miss the orc. The orc hits you with a cursed -1 mace.
* * * LOW HITPOINT WARNING * * *
You block the orc's attack. The orc barely misses you.
You barely miss the orc. The orc hits you but does no damage.
The orc barely misses you. You block the orc's attack.
The orc barely misses you.
You barely miss the orc. The orc hits you with a +0 whip.
* * * LOW HITPOINT WARNING * * *
You block the orc's attack. x2; The orc hits you with a +0 whip.
* * * LOW HITPOINT WARNING * * *
The orc hits you with a +0 club.
You die...

######!#####
............#
#####...g##.#
#.#.o..#.#
##.###...#.# #.#
##....#######
##.###g#.og.......
#.#o####.#######
#o@####.#
##o.....# ########


You could see a gnoll and 3 orcs.

Vanquished Creatures
  A gnoll (D:6)
  A dart slug (D:1)
  A leopard gecko (D:4)
  An orc (D:6)
  A ball python (D:1)
  A hobgoblin (D:3)
  A jackal skeleton (D:5)
7 creatures vanquished.

Notes
Turn   | Place    | Note
-------+----------+-------------------------------------------
     0 | D:1      | Huj the Troll Fighter began the quest for the Orb.
     0 | D:1      | Reached XP level 1. HP: 22/22 MP: 0/0
   257 | D:4      | Found a shimmering altar of Xom.
   258 | D:4      | Noticed an ogre
   264 | D:5      | Entered Level 5 of the Dungeon
   342 | D:5      | Reached XP level 2. HP: 29/29 MP: 1/1
   429 | D:6      | Slain by an orc

Action                   || total
-------------------------++-------
Melee: Flail             ||    38
Armor: Robe              ||    41
Dodge: Dodged            ||   103
Block: Shield            ||    80
